Influenza vs Little Stars
Created - March 27, 2019 at 19:58
Goals
|
| Influenza |
3 |
1 |
1 |
5 |
| Little Stars |
0 |
2 |
1 |
3 |
|
Shots
|
| Influenza |
21 |
5 |
10 |
36 |
| Little Stars |
9 |
18 |
15 |
42 |
|
1st period
1. Influenza , Jake Guentzel 16 (Calvin de Haan 54, Jimmy Vesey 45) at 9:37
2. Influenza , Andre Burakovsky 42 (Tim Erixon 15, Mark Olver 29) at 12:15 (PP)
3. Influenza , Tom Kuhnhackl 1 (Luca Sbisa 3, Jordan Schroeder 6) at 17:34
Penalties :
Jordie Benn (Tex) for Tripping (Minor) at 11:39, Calvin de Haan (VJB) for Holding (Minor) at 12:33
2nd period
4. Influenza , Iiro Pakarinen 19 (Jake Guentzel 27, Jimmy Vesey 46) at 0:10
5. Little Stars , Scott Kosmachuck 13 (Reece Willcox 5, Mathieu Perreault 21) at 1:26
6. Little Stars , Cam Atkinson 55 (Shawn Matthias 31) at 1:41
Penalties :
No Penalty
3rd period
7. Influenza , Jake Guentzel 17 (Jimmy Vesey 47, Iiro Pakarinen 28) at 1:54 (PP)
8. Little Stars , Brian Flynn 31 (Reece Willcox 6, Shawn Matthias 32) at 19:46
Penalties :
Cam Atkinson (Tex) for Tripping (Minor) at 0:42, Andre Burakovsky (VJB) for Tripping (Minor) at 3:47
Goalie Stats
Jeremy Duchesne (VJB), 39 saves from 42 shots - (0.929), W, 34-14-3, 60:00 minutes
Peter Delmas (Tex), 31 saves from 36 shots - (0.861), L, 11-12-2, 60:00 minutes
Players Stats for Influenza
Player Name G A P +/- PIM S H SB GA TA FO MP PP MP PK MP
------------------------------------------------------------------------------------
Andre Burakovsky 1 0 1 0 2 3 1 0 1 0 0/0 13:34 0:17 0:00
Anthony Mantha 0 0 0 0 0 0 2 0 0 1 1/2 15:05 0:17 1:58
Calvin de Haan 0 1 1 1 2 3 0 1 0 1 0/0 25:04 1:38 1:07
Dmitry Sinitsyn 0 0 0 1 0 2 0 1 0 0 0/0 13:01 0:00 0:00
Iiro Pakarinen 1 1 2 0 0 5 2 1 2 0 1/1 22:46 1:31 0:50
Jake Guentzel 2 1 3 0 0 3 1 0 0 2 15/29 21:11 1:31 0:00
Jimmy Vesey 0 3 3 0 0 7 1 0 0 0 0/1 21:11 1:31 0:00
Johan Larsson 0 0 0 0 0 3 0 0 0 0 1/1 9:19 0:00 0:00
Jordan Schroeder 0 1 1 0 0 0 1 1 0 0 2/5 9:40 0:00 0:17
Justin Bailey 0 0 0 0 0 0 3 1 0 0 0/0 11:40 0:00 0:00
Luca Sbisa 0 1 1 1 0 1 0 0 0 1 0/0 13:39 0:00 0:38
Lucas Lessio 0 0 0 0 0 1 2 0 0 0 0/0 12:41 0:00 1:01
Mark Olver 0 1 1 0 0 0 1 0 0 1 4/11 15:11 0:17 1:36
Mathieu Carle 0 0 0 1 0 0 2 1 1 2 0/0 26:37 1:38 2:28
Paul Ladue 0 0 0 -2 0 0 4 2 0 0 0/0 21:20 0:10 2:13
Tim Erixon 0 1 1 -2 0 0 0 5 0 2 0/0 20:22 0:10 1:30
Tom Kuhnhackl 1 0 1 0 0 4 0 0 0 1 0/0 9:32 0:00 0:00
Zac Dalpe 0 0 0 0 0 4 1 0 0 0 2/7 14:07 0:00 2:14
Players Stats for Little Stars
Player Name G A P +/- PIM S H SB GA TA FO MP PP MP PK MP
------------------------------------------------------------------------------------
Adam Tambellini 0 0 0 1 0 1 0 0 0 0 0/0 9:20 0:00 0:10
Alexander Vasyunov 0 0 0 0 0 0 1 0 0 0 1/1 11:56 0:00 1:02
Andrej Sustr 0 0 0 -2 0 2 0 2 0 2 0/0 26:00 2:22 1:48
Brian Flynn 1 0 1 0 0 5 1 1 3 0 14/28 21:10 1:55 0:00
Cam Atkinson 1 0 1 0 2 5 4 2 1 0 1/2 21:45 1:55 0:36
Dana Tyrell 0 0 0 -1 0 0 1 0 0 0 7/14 16:58 2:03 0:00
Evgeny Kuznetsov 0 0 0 0 0 4 1 1 2 0 5/7 10:54 0:00 0:00
Jesse Joensuu 0 0 0 -1 0 5 4 1 2 1 0/0 16:58 2:03 0:00
Jordie Benn 0 0 0 2 2 1 0 0 0 0 0/0 20:23 1:36 0:00
Mathieu Perreault 0 1 1 1 0 3 2 0 0 0 1/1 9:23 0:00 0:00
Reece Willcox 0 2 2 0 0 4 1 0 0 0 0/0 13:36 0:00 0:00
Scott Kosmachuck 1 0 1 1 0 1 2 0 0 0 0/0 9:10 0:00 0:00
Shawn Matthias 0 2 2 0 0 3 1 0 1 0 2/2 22:58 1:55 1:48
Stanislav Chistov 0 0 0 -1 0 2 0 1 0 1 0/1 16:58 2:03 0:00
Tucker Poolman 0 0 0 0 0 0 2 0 0 0 0/0 13:36 0:00 0:00
Tyler Wotherspoon 0 0 0 2 0 1 0 1 0 0 0/0 20:24 1:36 0:00
Tyson Barrie 0 0 0 -2 0 3 0 5 2 0 0/0 26:00 2:22 1:48
Zach Budish 0 0 0 0 0 2 0 0 0 0 0/1 10:41 0:00 0:00
3 Stars
1 - Jake Guentzel (VJB)
2 - Iiro Pakarinen (VJB)
3 - Jimmy Vesey (VJB)
Power Play
Influenza - 2 on 2 Attempt(s) - 100.00%
Little Stars - 0 on 2 Attempt(s) - 0.00%
Penalty Kill
Influenza - 2 on 2 Attempt(s) - 100.00%
- Score 0 goal in Penalty Kill
Little Stars - 0 on 2 Attempt(s) - 0.00%
- Score 0 goal in Penalty Kill
Team Stat
Influenza - Hits : 21 - Faceoff Wins : 26 - Blocked Shots : 13 - Penalty Minutes : 4
Little Stars - Hits : 20 - Faceoff Wins : 31 - Blocked Shots : 14 - Penalty Minutes : 4
Official
Referees : Unknown
Linesman : Unknown
Game Notes
No Game Note
Finance
Level 1 -- Attendance: 1520 (76.00%) -- Ticket Income $53,200
Level 2 -- Attendance: 826 (82.60%) -- Ticket Income $16,520
Total Attendance: 2346 (78.20%)
Total Ticket Income: $69,720
Other Income: $3,486
Total Income: $73,206
Influenza
5 vs 5 Forward
Center Left Wing Right Wing Time % Phy DF OF
1 Jake Guentzel Jimmy Vesey Iiro Pakarinen 40 1 2 2
2 Mark Olver Andre Burakovsky Anthony Mantha 30 1 2 2
3 Zac Dalpe Lucas Lessio Justin Bailey 20 1 2 2
4 Jordan Schroeder Johan Larsson Tom Kuhnhackl 10 1 2 2
5 vs 5 Defense
Defense Defense Time % Phy DF OF
1 Calvin de Haan Mathieu Carle 40 1 2 2
2 Paul Ladue Tim Erixon 30 1 2 2
3 Luca Sbisa Dmitry Sinitsyn 20 1 2 2
4 Calvin de Haan Mathieu Carle 10 1 2 2
PowerPlay Forward
Center Left Wing Right Wing Time % Phy DF OF
1 Jake Guentzel Jimmy Vesey Iiro Pakarinen 60 1 2 2
2 Mark Olver Andre Burakovsky Anthony Mantha 40 1 2 2
PowerPlay Defense
Defense Defense Time % Phy DF OF
1 Calvin de Haan Mathieu Carle 60 1 2 2
2 Paul Ladue Tim Erixon 40 1 2 2
Penalty Kill 4 Players Forward
Center Wing Time % Phy DF OF
1 Zac Dalpe Anthony Mantha 60 1 2 2
2 Mark Olver Iiro Pakarinen 40 1 2 2
Penalty Kill 4 Players Defense
Defense Defense Time % Phy DF OF
1 Calvin de Haan Mathieu Carle 60 1 2 2
2 Paul Ladue Tim Erixon 40 1 2 2
Penalty Kill - 3 Players Forward
Forward Time % Phy DF OF
1 Zac Dalpe 60 1 2 2
2 Mark Olver 40 1 2 2
Penalty Kill - 3 Players Defense
Defense Defense Time % Phy DF OF
1 Mathieu Carle Calvin de Haan 60 1 2 2
2 Paul Ladue Tim Erixon 40 1 2 2
4 vs 4 Forward
Center Wing Time % Phy DF OF
1 Mark Olver Jimmy Vesey 60 1 2 2
2 Zac Dalpe Iiro Pakarinen 40 1 2 2
4 vs 4 Defense
Defense Defense Time % Phy DF OF
1 Calvin de Haan Mathieu Carle 60 1 2 2
2 Paul Ladue Tim Erixon 40 1 2 2
Last Minutes Offensive
Center Left Wing Right Wing Defense Defense
Mark Olver Jimmy Vesey Iiro Pakarinen Calvin de Haan Mathieu Carle
Last Minutes Defensive
Center Left Wing Right Wing Defense Defense
Zac Dalpe Jimmy Vesey Anthony Mantha Calvin de Haan Mathieu Carle
Goaltenders
Starting : Jeremy Duchesne
Backup : Tyson Sexsmith
Extra Forwards
Normal : Anthony Mantha, Jake Guentzel, Zac Dalpe - PP : Justin Bailey, Anthony Mantha - PK : Mark Olver
Extra Defensemen
Normal : Paul Ladue, Calvin de Haan, Luca Sbisa - PP : Dmitry Sinitsyn - PK : Paul Ladue, Luca Sbisa
Penalty Shots
Andre Burakovsky, Calvin de Haan, Zac Dalpe, Jake Guentzel, Mark Olver
Scratches
Jacob Josefson (Healthy), Shane Prince (Healthy), Jamie Devane (Healthy), Jeff Corbett (Healthy), Henri Ikonen (Healthy)
Fredric Larsson (Healthy), Rocco Grimaldi (Healthy), Josh Andrerson (Healthy), Jesse Graham (Healthy), Jamie Phillips (Healthy)
Little Stars
5 vs 5 Forward
Center Left Wing Right Wing Time % Phy DF OF
1 Brian Flynn Shawn Matthias Cam Atkinson 40 1 2 2
2 Dana Tyrell Jesse Joensuu Stanislav Chistov 30 1 2 2
3 Evgeny Kuznetsov Alexander Vasyunov Zach Budish 20 1 2 2
4 Mathieu Perreault Adam Tambellini Scott Kosmachuck 10 1 2 2
5 vs 5 Defense
Defense Defense Time % Phy DF OF
1 Tyson Barrie Andrej Sustr 40 1 2 2
2 Jordie Benn Tyler Wotherspoon 30 1 2 2
3 Tucker Poolman Reece Willcox 20 1 2 2
4 Tyson Barrie Andrej Sustr 10 1 2 2
PowerPlay Forward
Center Left Wing Right Wing Time % Phy DF OF
1 Brian Flynn Shawn Matthias Cam Atkinson 60 0 2 3
2 Dana Tyrell Jesse Joensuu Stanislav Chistov 40 0 2 3
PowerPlay Defense
Defense Defense Time % Phy DF OF
1 Tyson Barrie Andrej Sustr 60 0 2 3
2 Jordie Benn Tyler Wotherspoon 40 0 2 3
Penalty Kill 4 Players Forward
Center Wing Time % Phy DF OF
1 Shawn Matthias Cam Atkinson 60 0 2 3
2 Brian Flynn Stanislav Chistov 40 0 2 3
Penalty Kill 4 Players Defense
Defense Defense Time % Phy DF OF
1 Tyson Barrie Andrej Sustr 60 0 2 3
2 Jordie Benn Tyler Wotherspoon 40 0 2 3
Penalty Kill - 3 Players Forward
Forward Time % Phy DF OF
1 Shawn Matthias 60 0 2 3
2 Cam Atkinson 40 0 2 3
Penalty Kill - 3 Players Defense
Defense Defense Time % Phy DF OF
1 Tyson Barrie Andrej Sustr 60 0 2 3
2 Jordie Benn Tyler Wotherspoon 40 0 2 3
4 vs 4 Forward
Center Wing Time % Phy DF OF
1 Shawn Matthias Cam Atkinson 60 0 2 3
2 Brian Flynn Stanislav Chistov 40 0 2 3
4 vs 4 Defense
Defense Defense Time % Phy DF OF
1 Tyson Barrie Andrej Sustr 60 0 2 3
2 Jordie Benn Tyler Wotherspoon 40 0 2 3
Last Minutes Offensive
Center Left Wing Right Wing Defense Defense
Brian Flynn Shawn Matthias Cam Atkinson Tyson Barrie Andrej Sustr
Last Minutes Defensive
Center Left Wing Right Wing Defense Defense
Brian Flynn Shawn Matthias Cam Atkinson Tyson Barrie Andrej Sustr
Goaltenders
Starting : Peter Delmas
Backup : Matt Murray
Extra Forwards
Normal : Evgeny Kuznetsov, Mathieu Perreault, Alexander Vasyunov - PP : Evgeny Kuznetsov, Mathieu Perreault - PK : Alexander Vasyunov
Extra Defensemen
Normal : Tucker Poolman, Reece Willcox, Jordie Benn - PP : Tucker Poolman - PK : Reece Willcox, Jordie Benn
Penalty Shots
Shawn Matthias, Cam Atkinson, Brian Flynn, Stanislav Chistov, Dana Tyrell
Scratches
Daniel O'regan (Healthy), Michael Mersch (Healthy), Justin Auger (Healthy), Ville Pokka (Healthy), Jason Dickinson (Healthy)
Emile Poirier (Healthy), Anton Cederholm (Healthy), Spencer Martin (Healthy)
% Time on Ice - Influenza
Lines # - Real PCT - Wanted PCT - Time Play
Normal Forward
1 - 37% - 40% - 19:57
2 - 25% - 30% - 13:18
3 - 22% - 20% - 11:40
4 - 17% - 10% - 9:19
Normal Defense
1 - 36% - 40% - 19:45
2 - 34% - 30% - 18:42
3 - 24% - 20% - 13:01
4 - 5% - 10% - 2:46
PP Forward
1 - 84% - 60% - 1:31
2 - 16% - 40% - 0:17
PP Defense
1 - 91% - 60% - 1:38
2 - 9% - 40% - 0:10
PK Forward
1 - 79% - 60% - 3:08
2 - 21% - 40% - 0:50
PK Defense
1 - 78% - 60% - 3:06
2 - 22% - 40% - 0:52
PK3 Forward
1 - 0% - 60%
2 - 0% - 40%
PK3 Defense
1 - 0% - 60%
2 - 0% - 40%
44 Forward
1 - 0% - 60%
2 - 0% - 40%
44 Defense
1 - 0% - 60%
2 - 0% - 40%
Last Minute Offensive - 0:00
Last Minute Defensive - 0:00
Total
Forward - 60:00
Defense - 60:00
|
% Time on Ice - Little Stars
Lines # - Real PCT - Wanted PCT - Time Play
Normal Forward
1 - 36% - 40% - 19:28
2 - 28% - 30% - 14:55
3 - 20% - 20% - 10:41
4 - 17% - 10% - 9:10
Normal Defense
1 - 36% - 40% - 19:31
2 - 35% - 30% - 18:48
3 - 25% - 20% - 13:36
4 - 4% - 10% - 2:19
PP Forward
1 - 48% - 60% - 1:55
2 - 52% - 40% - 2:03
PP Defense
1 - 60% - 60% - 2:22
2 - 40% - 40% - 1:36
PK Forward
1 - 100% - 60% - 1:48
2 - 0% - 40% - 0:00
PK Defense
1 - 100% - 60% - 1:48
2 - 0% - 40% - 0:00
PK3 Forward
1 - 0% - 60%
2 - 0% - 40%
PK3 Defense
1 - 0% - 60%
2 - 0% - 40%
44 Forward
1 - 0% - 60%
2 - 0% - 40%
44 Defense
1 - 0% - 60%
2 - 0% - 40%
Last Minute Offensive - 0:00
Last Minute Defensive - 0:00
Total
Forward - 60:00
Defense - 60:00
|
Play-by-Play
1st period
0:01 of 1st period - Jake Guentzel wins face-off versus Brian Flynn in neutral zone.
0:53 of 1st period - Snap shot by Zac Dalpe.
0:53 of 1st period - Stopped by Peter Delmas without a rebound.
0:54 of 1st period - Evgeny Kuznetsov wins face-off versus Jordan Schroeder in Little Stars zone.
1:15 of 1st period - Snap shot by Evgeny Kuznetsov.
1:15 of 1st period - Shot Blocked by Dmitry Sinitsyn.
1:17 of 1st period - Wrist shot by Alexander Vasyunov.
1:17 of 1st period - Deflect By Zach Budish.
1:17 of 1st period - Shot Misses the Net.
1:17 of 1st period - Puck is out of play.
1:18 of 1st period - Mathieu Perreault wins face-off versus Jake Guentzel in Influenza zone.
1:33 of 1st period - Snap shot by Jimmy Vesey.
1:33 of 1st period - Stopped by Peter Delmas without a rebound.
1:34 of 1st period - Brian Flynn wins face-off versus Mark Olver in Little Stars zone.
1:59 of 1st period - Jesse Joensuu is hit by Justin Bailey and loses puck.
2:04 of 1st period - Wrist shot by Zac Dalpe.
2:04 of 1st period - Stopped by Peter Delmas without a rebound.
2:05 of 1st period - Dana Tyrell wins face-off versus Jake Guentzel in Little Stars zone.
2:10 of 1st period - Jimmy Vesey is hit by Jesse Joensuu and loses puck.
2:32 of 1st period - Paul Ladue is hit by Scott Kosmachuck and loses puck.
2:47 of 1st period - Snap shot by Jake Guentzel.
2:47 of 1st period - Shot Hit the Post.
2:49 of 1st period - Slapshot by Calvin de Haan.
2:49 of 1st period - Stopped by Peter Delmas with a rebound.
3:01 of 1st period - Wrist shot by Iiro Pakarinen.
3:01 of 1st period - Stopped by Peter Delmas with a rebound.
3:03 of 1st period - Slapshot by Dmitry Sinitsyn.
3:03 of 1st period - Stopped by Peter Delmas with a rebound.
3:07 of 1st period - Slapshot by Iiro Pakarinen.
3:07 of 1st period - Stopped by Peter Delmas without a rebound.
3:08 of 1st period - Cam Atkinson wins face-off versus Mark Olver in Little Stars zone.
3:33 of 1st period - Andrej Sustr is hit by Justin Bailey and loses puck.
3:58 of 1st period - Slapshot by Jordan Schroeder.
3:58 of 1st period - Deflect By Tom Kuhnhackl.
3:58 of 1st period - Shot Misses the Net.
3:58 of 1st period - Puck is out of play.
3:59 of 1st period - Johan Larsson wins face-off versus Brian Flynn in Little Stars zone.
5:09 of 1st period - Andrej Sustr is hit by Justin Bailey and loses puck.
5:31 of 1st period - Brian Flynn is hit by Mathieu Carle and loses puck.
5:52 of 1st period - Wrist shot by Andre Burakovsky.
5:52 of 1st period - Stopped by Peter Delmas with a rebound.
6:30 of 1st period - Snap shot by Evgeny Kuznetsov.
6:30 of 1st period - Stopped by Jeremy Duchesne with a rebound.
6:36 of 1st period - Jordie Benn is hit by Jimmy Vesey and loses puck.
7:02 of 1st period - Tim Erixon is hit by Mathieu Perreault and loses puck.
7:14 of 1st period - Icing by Tom Kuhnhackl.
7:15 of 1st period - Brian Flynn wins face-off versus Jordan Schroeder in Influenza zone.
7:22 of 1st period - Snap shot by Shawn Matthias.
7:22 of 1st period - Stopped by Jeremy Duchesne without a rebound.
7:23 of 1st period - Brian Flynn wins face-off versus Jake Guentzel in Influenza zone.
7:28 of 1st period - Wrist shot by Cam Atkinson.
7:28 of 1st period - Stopped by Jeremy Duchesne with a rebound.
7:48 of 1st period - Snap shot by Tyson Barrie.
7:48 of 1st period - Stopped by Jeremy Duchesne with a rebound.
8:10 of 1st period - Slapshot by Lucas Lessio.
8:10 of 1st period - Shot Blocked by Tyson Barrie.
8:12 of 1st period - Slapshot by Luca Sbisa.
8:12 of 1st period - Shot Misses the Net.
8:14 of 1st period - Snap shot by Lucas Lessio.
8:14 of 1st period - Shot Misses the Net.
8:36 of 1st period - Wrist shot by Mathieu Perreault.
8:36 of 1st period - Stopped by Jeremy Duchesne with a rebound.
8:38 of 1st period - Snap shot by Adam Tambellini.
8:38 of 1st period - Stopped by Jeremy Duchesne with a rebound.
8:50 of 1st period - Wrist shot by Jimmy Vesey.
8:50 of 1st period - Stopped by Peter Delmas with a rebound.
8:52 of 1st period - Slapshot by Dmitry Sinitsyn.
8:52 of 1st period - Stopped by Peter Delmas with a rebound.
8:54 of 1st period - Wrist shot by Jake Guentzel.
8:54 of 1st period - Shot Misses the Net.
8:56 of 1st period - Snap shot by Luca Sbisa.
8:56 of 1st period - Stopped by Peter Delmas without a rebound.
8:57 of 1st period - Jake Guentzel wins face-off versus Brian Flynn in Little Stars zone.
9:02 of 1st period - Wrist shot by Jimmy Vesey.
9:02 of 1st period - Stopped by Peter Delmas with a rebound.
9:04 of 1st period - Snap shot by Calvin de Haan.
9:04 of 1st period - Stopped by Peter Delmas without a rebound.
9:05 of 1st period - Brian Flynn wins face-off versus Jake Guentzel in Little Stars zone.
9:05 of 1st period - Brian Flynn is hit by Mathieu Carle.
9:13 of 1st period - Snap shot by Jimmy Vesey.
9:13 of 1st period - Stopped by Peter Delmas with a rebound.
9:33 of 1st period - Wrist shot by Jimmy Vesey.
9:33 of 1st period - Shot Misses the Net.
9:35 of 1st period - Slapshot by Calvin de Haan.
9:35 of 1st period - Shot Blocked by Brian Flynn.
9:37 of 1st period - Snap shot by Jake Guentzel.
9:37 of 1st period - Goal by Jake Guentzel - Influenza : 1 - Little Stars : 0.
9:38 of 1st period - Mark Olver wins face-off versus Dana Tyrell in neutral zone.
10:11 of 1st period - Wrist shot by Iiro Pakarinen.
10:11 of 1st period - Shot Blocked by Tyson Barrie.
10:13 of 1st period - Wrist shot by Paul Ladue.
10:13 of 1st period - Deflect By Jake Guentzel.
10:13 of 1st period - Stopped by Peter Delmas with a rebound.
10:54 of 1st period - Wrist shot by Johan Larsson.
10:54 of 1st period - Stopped by Peter Delmas with a rebound.
10:58 of 1st period - Snap shot by Johan Larsson.
10:58 of 1st period - Stopped by Peter Delmas without a rebound.
10:59 of 1st period - Brian Flynn wins face-off versus Anthony Mantha in Little Stars zone.
10:59 of 1st period - Brian Flynn is hit by Mark Olver.
11:24 of 1st period - Mathieu Carle is hit by Jesse Joensuu and loses puck.
11:39 of 1st period - Minor Penalty to Jordie Benn for Tripping.
11:40 of 1st period - Shawn Matthias wins face-off versus Jake Guentzel in Little Stars zone.
12:11 of 1st period - Snap shot by Andre Burakovsky.
12:11 of 1st period - Stopped by Peter Delmas with a rebound.
12:13 of 1st period - Snap shot by Tim Erixon.
12:13 of 1st period - Shot Blocked by Cam Atkinson.
12:15 of 1st period - Slapshot by Andre Burakovsky.
12:15 of 1st period - Goal by Andre Burakovsky - Influenza : 2 - Little Stars : 0.
12:16 of 1st period - Mark Olver wins face-off versus Evgeny Kuznetsov in neutral zone.
12:25 of 1st period - Anthony Mantha is hit by Alexander Vasyunov.
12:31 of 1st period - Slapshot by Andrej Sustr.
12:31 of 1st period - Stopped by Jeremy Duchesne with a rebound.
12:33 of 1st period - Minor Penalty to Calvin de Haan for Holding.
12:34 of 1st period - Brian Flynn wins face-off versus Zac Dalpe in Influenza zone.
12:52 of 1st period - Anthony Mantha is hit by Cam Atkinson and loses puck.
13:46 of 1st period - Off-side.
13:47 of 1st period - Mark Olver wins face-off versus Brian Flynn in neutral zone.
14:33 of 1st period - Penalty to Calvin de Haan is over, Calvin de Haan is back on ice.
15:24 of 1st period - Dmitry Sinitsyn is hit by Tucker Poolman and loses puck.
16:27 of 1st period - Snap shot by Andrej Sustr.
16:27 of 1st period - Stopped by Jeremy Duchesne with a rebound.
16:29 of 1st period - Snap shot by Scott Kosmachuck.
16:29 of 1st period - Shot Misses the Net.
17:09 of 1st period - Snap shot by Cam Atkinson.
17:09 of 1st period - Shot Misses the Net.
17:13 of 1st period - Snap shot by Evgeny Kuznetsov.
17:13 of 1st period - Shot Misses the Net.
17:26 of 1st period - Off-side.
17:27 of 1st period - Jordan Schroeder wins face-off versus Dana Tyrell in neutral zone.
17:34 of 1st period - Slapshot by Tom Kuhnhackl.
17:34 of 1st period - Goal by Tom Kuhnhackl - Influenza : 3 - Little Stars : 0.
17:35 of 1st period - Jake Guentzel wins face-off versus Brian Flynn in neutral zone.
18:11 of 1st period - Wrist shot by Jesse Joensuu.
18:11 of 1st period - Shot Blocked by Mathieu Carle.
18:22 of 1st period - Off-side.
18:23 of 1st period - Evgeny Kuznetsov wins face-off versus Zac Dalpe in neutral zone.
18:48 of 1st period - Iiro Pakarinen is hit by Cam Atkinson and loses puck.
18:53 of 1st period - Wrist shot by Brian Flynn.
18:53 of 1st period - Shot Blocked by Iiro Pakarinen.
19:09 of 1st period - Tyler Wotherspoon is hit by Andre Burakovsky and loses puck.
19:34 of 1st period - Slapshot by Zach Budish.
19:34 of 1st period - Shot Misses the Net.
19:36 of 1st period - Slapshot by Jordie Benn.
19:36 of 1st period - Deflect By Mathieu Carle.
19:36 of 1st period - Stopped by Jeremy Duchesne without a rebound.
19:37 of 1st period - Evgeny Kuznetsov wins face-off versus Jake Guentzel in Influenza zone.
19:52 of 1st period - Slapshot by Calvin de Haan.
19:52 of 1st period - Shot Blocked by Evgeny Kuznetsov.
Goals for this period are 3 for Influenza vs 0 for Little Stars.
Shots for this period are 21 for Influenza vs 9 for Little Stars.
2nd period
0:01 of 2nd period - Jake Guentzel wins face-off versus Brian Flynn in neutral zone.
0:10 of 2nd period - Wrist shot by Iiro Pakarinen.
0:10 of 2nd period - Goal by Iiro Pakarinen - Influenza : 4 - Little Stars : 0.
0:11 of 2nd period - Jake Guentzel wins face-off versus Cam Atkinson in neutral zone.
0:36 of 2nd period - Andrej Sustr is hit by Anthony Mantha and loses puck.
0:45 of 2nd period - Wrist shot by Mark Olver.
0:45 of 2nd period - Shot Blocked by Andrej Sustr.
0:47 of 2nd period - Snap shot by Anthony Mantha.
0:47 of 2nd period - Shot Misses the Net.
1:20 of 2nd period - Snap shot by Mathieu Perreault.
1:20 of 2nd period - Shot Blocked by Paul Ladue.
1:22 of 2nd period - Slapshot by Scott Kosmachuck.
1:22 of 2nd period - Shot Blocked by Tim Erixon.
1:24 of 2nd period - Slapshot by Reece Willcox.
1:24 of 2nd period - Stopped by Jeremy Duchesne with a rebound.
1:26 of 2nd period - Snap shot by Scott Kosmachuck.
1:26 of 2nd period - Goal by Scott Kosmachuck - Influenza : 4 - Little Stars : 1.
1:27 of 2nd period - Iiro Pakarinen wins face-off versus Brian Flynn in neutral zone.
1:31 of 2nd period - Icing by Jordie Benn.
1:32 of 2nd period - Jake Guentzel wins face-off versus Brian Flynn in Little Stars zone.
1:41 of 2nd period - Wrist shot by Cam Atkinson.
1:41 of 2nd period - Goal by Cam Atkinson - Influenza : 4 - Little Stars : 2.
1:42 of 2nd period - Brian Flynn wins face-off versus Mark Olver in neutral zone.
1:55 of 2nd period - Slapshot by Cam Atkinson.
1:55 of 2nd period - Shot Misses the Net.
2:17 of 2nd period - Slapshot by Dana Tyrell.
2:17 of 2nd period - Shot Misses the Net.
2:19 of 2nd period - Wrist shot by Jesse Joensuu.
2:19 of 2nd period - Deflect By Stanislav Chistov.
2:19 of 2nd period - Stopped by Jeremy Duchesne without a rebound.
2:20 of 2nd period - Zac Dalpe wins face-off versus Dana Tyrell in Influenza zone.
2:27 of 2nd period - Wrist shot by Jesse Joensuu.
2:27 of 2nd period - Stopped by Jeremy Duchesne with a rebound.
2:29 of 2nd period - Snap shot by Dana Tyrell.
2:29 of 2nd period - Shot Misses the Net.
2:31 of 2nd period - Backhand shot by Jesse Joensuu.
2:31 of 2nd period - Stopped by Jeremy Duchesne without a rebound.
2:32 of 2nd period - Brian Flynn wins face-off versus Jake Guentzel in Influenza zone.
2:37 of 2nd period - Slapshot by Brian Flynn.
2:37 of 2nd period - Stopped by Jeremy Duchesne with a rebound.
3:47 of 2nd period - Reece Willcox is hit by Jordan Schroeder and loses puck.
4:08 of 2nd period - Luca Sbisa is hit by Reece Willcox and loses puck.
4:49 of 2nd period - Snap shot by Evgeny Kuznetsov.
4:49 of 2nd period - Stopped by Jeremy Duchesne with a rebound.
4:51 of 2nd period - Slapshot by Tyler Wotherspoon.
4:51 of 2nd period - Shot Misses the Net.
4:53 of 2nd period - Snap shot by Evgeny Kuznetsov.
4:53 of 2nd period - Shot Misses the Net.
5:59 of 2nd period - Snap shot by Tom Kuhnhackl.
5:59 of 2nd period - Stopped by Peter Delmas with a rebound.
6:03 of 2nd period - Snap shot by Johan Larsson.
6:03 of 2nd period - Shot Misses the Net.
7:10 of 2nd period - Wrist shot by Evgeny Kuznetsov.
7:10 of 2nd period - Stopped by Jeremy Duchesne without a rebound.
7:11 of 2nd period - Evgeny Kuznetsov wins face-off versus Jake Guentzel in Influenza zone.
7:16 of 2nd period - Wrist shot by Evgeny Kuznetsov.
7:16 of 2nd period - Shot Misses the Net.
7:18 of 2nd period - Slapshot by Andrej Sustr.
7:18 of 2nd period - Shot Blocked by Tim Erixon.
7:20 of 2nd period - Snap shot by Evgeny Kuznetsov.
7:20 of 2nd period - Deflect By Zach Budish.
7:20 of 2nd period - Stopped by Jeremy Duchesne without a rebound.
7:21 of 2nd period - Jake Guentzel wins face-off versus Brian Flynn in Influenza zone.
7:54 of 2nd period - Snap shot by Iiro Pakarinen.
7:54 of 2nd period - Shot Misses the Net.
8:02 of 2nd period - Slapshot by Brian Flynn.
8:02 of 2nd period - Shot Misses the Net.
8:12 of 2nd period - Snap shot by Cam Atkinson.
8:12 of 2nd period - Stopped by Jeremy Duchesne with a rebound.
8:14 of 2nd period - Slapshot by Tyson Barrie.
8:14 of 2nd period - Stopped by Jeremy Duchesne without a rebound.
8:15 of 2nd period - Dana Tyrell wins face-off versus Mark Olver in Influenza zone.
8:18 of 2nd period - Snap shot by Jesse Joensuu.
8:18 of 2nd period - Stopped by Jeremy Duchesne with a rebound.
9:51 of 2nd period - Snap shot by Evgeny Kuznetsov.
9:51 of 2nd period - Shot Misses the Net.
10:22 of 2nd period - Mathieu Carle is hit by Jesse Joensuu and loses puck.
10:43 of 2nd period - Snap shot by Jesse Joensuu.
10:43 of 2nd period - Shot Blocked by Tim Erixon.
10:45 of 2nd period - Wrist shot by Shawn Matthias.
10:45 of 2nd period - Stopped by Jeremy Duchesne with a rebound.
10:47 of 2nd period - Wrist shot by Cam Atkinson.
10:47 of 2nd period - Shot Misses the Net.
11:19 of 2nd period - Calvin de Haan is hit by Mathieu Perreault and loses puck.
12:03 of 2nd period - Lucas Lessio is hit by Tucker Poolman and loses puck.
12:10 of 2nd period - Snap shot by Jesse Joensuu.
12:10 of 2nd period - Stopped by Jeremy Duchesne without a rebound.
12:11 of 2nd period - Brian Flynn wins face-off versus Jake Guentzel in Influenza zone.
13:02 of 2nd period - Slapshot by Tyler Wotherspoon.
13:02 of 2nd period - Stopped by Jeremy Duchesne without a rebound.
13:03 of 2nd period - Evgeny Kuznetsov wins face-off versus Zac Dalpe in Influenza zone.
13:16 of 2nd period - Slapshot by Evgeny Kuznetsov.
13:16 of 2nd period - Shot Blocked by Calvin de Haan.
13:18 of 2nd period - Slapshot by Tyson Barrie.
13:18 of 2nd period - Stopped by Jeremy Duchesne with a rebound.
13:38 of 2nd period - Jimmy Vesey is hit by Brian Flynn.
14:56 of 2nd period - Wrist shot by Cam Atkinson.
14:56 of 2nd period - Shot Misses the Net.
15:16 of 2nd period - Anthony Mantha is hit by Dana Tyrell and loses puck.
15:23 of 2nd period - Slapshot by Mathieu Carle.
15:23 of 2nd period - Shot Misses the Net.
15:25 of 2nd period - Wrist shot by Anthony Mantha.
15:25 of 2nd period - Shot Blocked by Tyler Wotherspoon.
15:48 of 2nd period - Jesse Joensuu is hit by Lucas Lessio.
15:49 of 2nd period - Icing by Jesse Joensuu.
15:50 of 2nd period - Dana Tyrell wins face-off versus Zac Dalpe in Little Stars zone.
16:05 of 2nd period - Wrist shot by Zac Dalpe.
16:05 of 2nd period - Stopped by Peter Delmas without a rebound.
16:06 of 2nd period - Brian Flynn wins face-off versus Jake Guentzel in Little Stars zone.
16:16 of 2nd period - Off-side.
16:17 of 2nd period - Jake Guentzel wins face-off versus Brian Flynn in neutral zone.
16:24 of 2nd period - Snap shot by Iiro Pakarinen.
16:24 of 2nd period - Stopped by Peter Delmas with a rebound.
16:45 of 2nd period - Slapshot by Zach Budish.
16:45 of 2nd period - Shot Misses the Net.
17:23 of 2nd period - Tucker Poolman is hit by Paul Ladue and loses puck.
17:49 of 2nd period - Off-side.
17:50 of 2nd period - Jake Guentzel wins face-off versus Brian Flynn in neutral zone.
18:38 of 2nd period - Paul Ladue is hit by Cam Atkinson and loses puck.
18:55 of 2nd period - Snap shot by Iiro Pakarinen.
18:55 of 2nd period - Shot Misses the Net.
18:57 of 2nd period - Snap shot by Iiro Pakarinen.
18:57 of 2nd period - Stopped by Peter Delmas with a rebound.
19:10 of 2nd period - Snap shot by Cam Atkinson.
19:10 of 2nd period - Stopped by Jeremy Duchesne with a rebound.
19:30 of 2nd period - Andrej Sustr is hit by Jake Guentzel and loses puck.
Goals for this period are 1 for Influenza vs 2 for Little Stars.
Shots for this period are 5 for Influenza vs 18 for Little Stars.
3rd period
0:01 of 3rd period - Brian Flynn wins face-off versus Mark Olver in neutral zone.
0:23 of 3rd period - Icing by Calvin de Haan.
0:24 of 3rd period - Jake Guentzel wins face-off versus Dana Tyrell in Influenza zone.
0:31 of 3rd period - Backhand shot by Mathieu Carle.
0:31 of 3rd period - Shot Blocked by Stanislav Chistov.
0:33 of 3rd period - Slapshot by Calvin de Haan.
0:33 of 3rd period - Stopped by Peter Delmas with a rebound.
0:35 of 3rd period - Snap shot by Mathieu Carle.
0:35 of 3rd period - Shot Blocked by Jesse Joensuu.
0:37 of 3rd period - Wrist shot by Jake Guentzel.
0:37 of 3rd period - Shot Misses the Net.
0:39 of 3rd period - Snap shot by Jimmy Vesey.
0:39 of 3rd period - Stopped by Peter Delmas without a rebound.
0:40 of 3rd period - Brian Flynn wins face-off versus Mark Olver in Little Stars zone.
0:42 of 3rd period - Minor Penalty to Cam Atkinson for Tripping.
0:43 of 3rd period - Alexander Vasyunov wins face-off versus Jake Guentzel in Little Stars zone.
1:46 of 3rd period - Slapshot by Jimmy Vesey.
1:46 of 3rd period - Shot Blocked by Andrej Sustr.
1:48 of 3rd period - Snap shot by Jake Guentzel.
1:48 of 3rd period - Shot Misses the Net.
1:52 of 3rd period - Snap shot by Jimmy Vesey.
1:52 of 3rd period - Shot Misses the Net.
1:54 of 3rd period - Backhand shot by Jake Guentzel.
1:54 of 3rd period - Goal by Jake Guentzel - Influenza : 5 - Little Stars : 2.
1:55 of 3rd period - Dana Tyrell wins face-off versus Mark Olver in neutral zone.
2:43 of 3rd period - Jordan Schroeder is hit by Evgeny Kuznetsov.
2:58 of 3rd period - Wrist shot by Shawn Matthias.
2:58 of 3rd period - Deflect By Andre Burakovsky.
2:58 of 3rd period - Stopped by Jeremy Duchesne with a rebound.
3:47 of 3rd period - Minor Penalty to Andre Burakovsky for Tripping.
3:48 of 3rd period - Dana Tyrell wins face-off versus Zac Dalpe in Influenza zone.
5:37 of 3rd period - Dana Tyrell is hit by Paul Ladue and loses puck.
5:44 of 3rd period - Jesse Joensuu is hit by Paul Ladue and loses puck.
5:47 of 3rd period - Penalty to Andre Burakovsky is over, Andre Burakovsky is back on ice.
6:01 of 3rd period - Iiro Pakarinen is hit by Jesse Joensuu and loses puck.
6:14 of 3rd period - Snap shot by Stanislav Chistov.
6:14 of 3rd period - Shot Blocked by Tim Erixon.
6:16 of 3rd period - Slapshot by Stanislav Chistov.
6:16 of 3rd period - Stopped by Jeremy Duchesne with a rebound.
6:18 of 3rd period - Snap shot by Dana Tyrell.
6:18 of 3rd period - Shot Misses the Net.
6:20 of 3rd period - Snap shot by Dana Tyrell.
6:20 of 3rd period - Shot Blocked by Paul Ladue.
6:31 of 3rd period - Off-side.
6:32 of 3rd period - Jordan Schroeder wins face-off versus Zach Budish in neutral zone.
7:40 of 3rd period - Wrist shot by Scott Kosmachuck.
7:40 of 3rd period - Deflect By Mathieu Perreault.
7:40 of 3rd period - Shot Blocked by Jordan Schroeder.
7:40 of 3rd period - Puck is out of play.
7:41 of 3rd period - Zac Dalpe wins face-off versus Brian Flynn in Influenza zone.
7:48 of 3rd period - Snap shot by Lucas Lessio.
7:48 of 3rd period - Shot Misses the Net.
7:50 of 3rd period - Slapshot by Zac Dalpe.
7:50 of 3rd period - Shot Misses the Net.
7:52 of 3rd period - Slapshot by Calvin de Haan.
7:52 of 3rd period - Shot Blocked by Tyson Barrie.
7:54 of 3rd period - Snap shot by Lucas Lessio.
7:54 of 3rd period - Shot Blocked by Tyson Barrie.
7:56 of 3rd period - Slapshot by Calvin de Haan.
7:56 of 3rd period - Shot Blocked by Cam Atkinson.
8:53 of 3rd period - Off-side.
8:54 of 3rd period - Dana Tyrell wins face-off versus Jimmy Vesey in neutral zone.
8:57 of 3rd period - Wrist shot by Jesse Joensuu.
8:57 of 3rd period - Stopped by Jeremy Duchesne with a rebound.
8:59 of 3rd period - Snap shot by Dana Tyrell.
8:59 of 3rd period - Shot Misses the Net.
9:01 of 3rd period - Snap shot by Reece Willcox.
9:01 of 3rd period - Stopped by Jeremy Duchesne without a rebound.
9:02 of 3rd period - Brian Flynn wins face-off versus Jake Guentzel in Influenza zone.
9:35 of 3rd period - Snap shot by Andre Burakovsky.
9:35 of 3rd period - Shot Misses the Net.
9:52 of 3rd period - Jordie Benn is hit by Paul Ladue and loses puck.
11:24 of 3rd period - Backhand shot by Zac Dalpe.
11:24 of 3rd period - Stopped by Peter Delmas with a rebound.
11:26 of 3rd period - Slapshot by Lucas Lessio.
11:26 of 3rd period - Stopped by Peter Delmas with a rebound.
11:50 of 3rd period - Snap shot by Tom Kuhnhackl.
11:50 of 3rd period - Stopped by Peter Delmas without a rebound.
11:51 of 3rd period - Jake Guentzel wins face-off versus Dana Tyrell in Little Stars zone.
11:52 of 3rd period - Slapshot by Jimmy Vesey.
11:52 of 3rd period - Shot Misses the Net.
11:54 of 3rd period - Slapshot by Jake Guentzel.
11:54 of 3rd period - Shot Blocked by Tyson Barrie.
11:56 of 3rd period - Wrist shot by Jimmy Vesey.
11:56 of 3rd period - Stopped by Peter Delmas without a rebound.
11:57 of 3rd period - Jake Guentzel wins face-off versus Dana Tyrell in Little Stars zone.
12:11 of 3rd period - Snap shot by Jimmy Vesey.
12:11 of 3rd period - Stopped by Peter Delmas with a rebound.
12:13 of 3rd period - Snap shot by Jake Guentzel.
12:13 of 3rd period - Shot Misses the Net.
12:43 of 3rd period - Wrist shot by Zach Budish.
12:43 of 3rd period - Stopped by Jeremy Duchesne with a rebound.
12:47 of 3rd period - Wrist shot by Evgeny Kuznetsov.
12:47 of 3rd period - Shot Misses the Net.
12:49 of 3rd period - Slapshot by Alexander Vasyunov.
12:49 of 3rd period - Shot Blocked by Justin Bailey.
12:51 of 3rd period - Wrist shot by Alexander Vasyunov.
12:51 of 3rd period - Shot Hit the Post.
12:53 of 3rd period - Snap shot by Evgeny Kuznetsov.
12:53 of 3rd period - Stopped by Jeremy Duchesne with a rebound.
13:03 of 3rd period - Jordan Schroeder is hit by Scott Kosmachuck and loses puck.
13:24 of 3rd period - Icing by Dana Tyrell.
13:25 of 3rd period - Jake Guentzel wins face-off versus Stanislav Chistov in Little Stars zone.
13:50 of 3rd period - Stanislav Chistov is hit by Zac Dalpe and loses puck.
14:18 of 3rd period - Icing by Tyler Wotherspoon.
14:19 of 3rd period - Dana Tyrell wins face-off versus Jordan Schroeder in Little Stars zone.
14:50 of 3rd period - Snap shot by Tom Kuhnhackl.
14:50 of 3rd period - Stopped by Peter Delmas without a rebound.
14:51 of 3rd period - Shawn Matthias wins face-off versus Jake Guentzel in Little Stars zone.
14:56 of 3rd period - Calvin de Haan is hit by Cam Atkinson and loses puck.
15:17 of 3rd period - Alexander Vasyunov is hit by Anthony Mantha and loses puck.
15:36 of 3rd period - Scott Kosmachuck is hit by Lucas Lessio and loses puck.
15:43 of 3rd period - Snap shot by Zac Dalpe.
15:43 of 3rd period - Shot Misses the Net.
15:59 of 3rd period - Wrist shot by Tom Kuhnhackl.
15:59 of 3rd period - Shot Misses the Net.
16:01 of 3rd period - Snap shot by Johan Larsson.
16:01 of 3rd period - Stopped by Peter Delmas with a rebound.
16:17 of 3rd period - Evgeny Kuznetsov is hit by Iiro Pakarinen and loses puck.
16:36 of 3rd period - Slapshot by Reece Willcox.
16:36 of 3rd period - Stopped by Jeremy Duchesne with a rebound.
17:03 of 3rd period - Wrist shot by Mathieu Perreault.
17:03 of 3rd period - Stopped by Jeremy Duchesne with a rebound.
17:37 of 3rd period - Slapshot by Mathieu Perreault.
17:37 of 3rd period - Stopped by Jeremy Duchesne without a rebound.
17:38 of 3rd period - Jake Guentzel wins face-off versus Brian Flynn in Influenza zone.
17:38 of 3rd period - Jake Guentzel is hit by Shawn Matthias.
17:46 of 3rd period - Slapshot by Cam Atkinson.
17:46 of 3rd period - Stopped by Jeremy Duchesne without a rebound.
17:47 of 3rd period - Brian Flynn wins face-off versus Jake Guentzel in Influenza zone.
17:54 of 3rd period - Slapshot by Jordie Benn.
17:54 of 3rd period - Shot Misses the Net.
17:56 of 3rd period - Wrist shot by Brian Flynn.
17:56 of 3rd period - Stopped by Jeremy Duchesne with a rebound.
17:58 of 3rd period - Wrist shot by Cam Atkinson.
17:58 of 3rd period - Shot Misses the Net.
18:00 of 3rd period - Snap shot by Brian Flynn.
18:00 of 3rd period - Stopped by Jeremy Duchesne with a rebound.
18:02 of 3rd period - Snap shot by Tyler Wotherspoon.
18:02 of 3rd period - Shot Misses the Net.
18:04 of 3rd period - Slapshot by Brian Flynn.
18:04 of 3rd period - Stopped by Jeremy Duchesne without a rebound.
18:05 of 3rd period - Mark Olver wins face-off versus Dana Tyrell in Influenza zone.
18:34 of 3rd period - Icing by Jake Guentzel.
18:35 of 3rd period - Jake Guentzel wins face-off versus Brian Flynn in Influenza zone.
19:03 of 3rd period - Cam Atkinson is hit by Iiro Pakarinen and loses puck.
19:26 of 3rd period - Snap shot by Brian Flynn.
19:26 of 3rd period - Shot Misses the Net.
19:28 of 3rd period - Snap shot by Brian Flynn.
19:28 of 3rd period - Shot Misses the Net.
19:38 of 3rd period - Snap shot by Cam Atkinson.
19:38 of 3rd period - Shot Misses the Net.
19:40 of 3rd period - Wrist shot by Shawn Matthias.
19:40 of 3rd period - Shot Hit the Post.
19:42 of 3rd period - Slapshot by Reece Willcox.
19:42 of 3rd period - Stopped by Jeremy Duchesne with a rebound.
19:44 of 3rd period - Slapshot by Reece Willcox.
19:44 of 3rd period - Shot Blocked by Tim Erixon.
19:46 of 3rd period - Snap shot by Brian Flynn.
19:46 of 3rd period - Goal by Brian Flynn - Influenza : 5 - Little Stars : 3.
19:47 of 3rd period - Anthony Mantha wins face-off versus Evgeny Kuznetsov in neutral zone.
Goals for this period are 1 for Influenza vs 1 for Little Stars.
Shots for this period are 10 for Influenza vs 15 for Little Stars.
Back to the Top